 Dungeon Crawl Stone Soup version 0.27-a0-203-gd48b2df3c9 (webtiles) character file.

Game seed: 15136858093033854783

11481 iamserjio the Fighter (level 11, -7/75 (89) HPs)
             Began as a Gnoll Abyssal Knight on Jan 30, 2021.
             Was a High Priest of Lugonu.
             Shot with a bolt by an orc knight (23 damage)
             ... on level 1 of the Orcish Mines.
             The game lasted 00:32:30 (3971 turns).

iamserjio the Fighter (Gnoll Abyssal Knight)        Turns: 3971, Time: 00:32:30

HP:   -7/75 (89)    AC: 17    Str: 11    XL:     11   Next: 78%
MP:   4/20          EV: 13    Int: 15    God:    Lugonu [*****.]
Gold: 300           SH:  0    Dex: 12    Spells: 3/23 levels left

rFire    . . .     SeeInvis .   y - +6 broad axe (venom)
rCold    . . .     Faith    .   (no shield)
rNeg     . . .     Spirit   .   I - +3 ring mail
rPois    +         Reflect  .   E - +0 helmet
rElec    .         Harm     .   U - +2 cloak
rCorr    .         Rampage  .   (no gloves)
Will     .....                  f - +2 pair of boots {Fly}
Stlth    +++.......             O - amulet of regeneration
HPRegen  0.62/turn              Q - ring of poison resistance
MPRegen  0.17/turn              (no ring)

@: flying, heavily drained
A: distributed training, fangs 1, strong nose
a: Stop Flying, Renounce Religion, Depart the Abyss, Bend Space, Banish,
Corrupt, Enter the Abyss


You were on level 1 of the Orcish Mines.
You worshipped Lugonu.
Lugonu was extremely pleased with you.
You visited 2 branches of the dungeon, and saw 13 of its levels.
You visited the Abyss 1 time.

You collected 792 gold pieces.
You spent 492 gold pieces at shops.

Inventory:

Hand Weapons
 a - a +1 hand axe
 d - a +0 lajatang
 j - a +2 dagger of venom
 l - a +2 whip of venom
 p - a +0 scythe
 w - a +3 quarterstaff
 y - a +6 broad axe of venom (weapon)
 K - a +1 morningstar of protection
Missiles
 s - 172 arrows
 v - 4 boomerangs (quivered)
 N - 15 poisoned darts
Armour
 b - a +0 leather armour
 e - a +0 chain mail
 f - a +2 pair of boots of flying (worn)
 u - a +0 scale mail
 z - a +2 robe of the Archmagi
 C - the +3 leather armour of Utegu {*Drain rF- rN+ Str+4}
   (You found it on level 11 of the Dungeon)

   It affects your strength (+4).
   It makes you vulnerable to fire.
   It protects you from negative energy.
   It causes draining when unequipped.
 E - a +0 helmet (worn)
 I - a +3 ring mail (worn)
 L - a +0 leather armour
 U - a +2 cloak (worn)
Jewellery
 O - an amulet of regeneration (around neck)
 Q - a ring of poison resistance (left hand)
 S - an uncursed amulet of faith {unknown}
Wands
 g - a wand of random effects (35)
 r - a wand of iceblast (3) {@v2}
 W - a wand of flame (26)
Scrolls
 i - a scroll of magic mapping {@r5}
 m - a scroll of fear
 n - 2 scrolls of random uselessness
 o - 2 scrolls of fog
 q - a scroll of blinking {@r4}
 x - 5 scrolls of amnesia
 B - a scroll of immolation {unknown}
 F - a scroll of teleportation {@r3}
 J - a scroll of noise {unknown}
 T - a scroll of silence
Potions
 h - 2 potions of degeneration
 k - 2 potions of haste {@q4}
 t - a potion of heal wounds {@q2}
 A - 2 potions of attraction
 D - 2 potions of brilliance {unknown}
 H - a potion of flight {unknown}
 M - a potion of cancellation {unknown}
 P - a potion of lignification
 R - a potion of berserk rage {unknown}
 V - a potion of might {@q3}
Miscellaneous
 c - a lightning rod (inert)


   Skills:
 + Level 9.4 Fighting
 + Level 6.6 Short Blades
 + Level 6.6 Long Blades
 + Level 8.1 Axes
 + Level 6.6 Maces & Flails
 + Level 6.6 Polearms
 + Level 6.6 Staves
 + Level 6.6 Slings
 + Level 6.6 Bows
 + Level 6.6 Crossbows
 + Level 6.6 Throwing
 + Level 8.1 Armour
 + Level 7.1 Dodging
 + Level 6.6 Stealth
 + Level 6.6 Shields
 + Level 6.6 Unarmed Combat
 + Level 6.6 Spellcasting
 + Level 5.5 Conjurations
 + Level 5.5 Hexes
 + Level 5.5 Summonings
 + Level 5.5 Necromancy
 + Level 5.5 Translocations
 + Level 5.5 Transmutations
 + Level 5.5 Fire Magic
 + Level 5.5 Ice Magic
 + Level 5.5 Air Magic
 + Level 5.5 Earth Magic
 + Level 5.5 Poison Magic
 + Level 8.7 Invocations
 + Level 6.6 Evocations


You had 3 spell levels left.
You knew the following spells:

 Your Spells              Type           Power        Failure   Level
a - Statue Form           Tmut/Erth      14%          99%         6
b - Irradiate             Conj/Tmut      10%          63%         5
c - Ensorcelled Hibernat  Hex/Ice        42%          4%          2
d - Summon Ice Beast      Ice/Summ       21%          30%         4
e - Frozen Ramparts       Ice            42%          9%          3

Your spell library contained the following spells:

 Spells                   Type           Power        Failure   Level
 Corona                   Hex            23%          3%          1
 Foxfire                  Conj/Fire      84%          3%          1
 Freeze                   Ice            84%          3%          1
 Shock                    Conj/Air       84%          3%          1
 Swiftness                Air            21%          4%          2
 Confusing Touch          Hex            21%          9%          3
 Conjure Flame            Conj/Fire      21%          9%          3
 Dazzling Flash           Conj/Hex       42%          9%          3
 Inner Flame              Hex/Fire       21%          9%          3
 Ozocubu's Armour         Ice            21%          9%          3
 Static Discharge         Conj/Air       21%          9%          3
 Tukima's Dance           Hex            21%          9%          3
 Airstrike                Air            10%          30%         4
 Hailstorm                Conj/Ice       21%          30%         4
 Sticky Flame             Conj/Fire      21%          30%         4
 Fireball                 Conj/Fire      10%          63%         5
 Lightning Bolt           Conj/Air       10%          63%         5
 Hydra Form               Tmut           10%          99%         6
 Dragon Form              Tmut           10%          100%        7


Dungeon Overview and Level Annotations

Branches:
Dungeon (12/15)            Temple (0/1) D:5            Lair (0/6) D:9
    Orc (1/2) D:11

Altars:
Ru
Sif Muna
Trog
Vehumet

Shops:
D:6 *(=!


Innate Abilities, Weirdness & Mutations

Your experience applies equally to all skills.
You have very sharp teeth.
Your uncanny sense of smell can sniff out nearby items.


Message History

The orc sorcerer casts a spell at you.
You shrug off the repeated paralysis!
The sun demon barely misses you.
Aiming: Iceblast The mass of ice explodes!
The iceblast engulfs the sun demon!!
The sun demon is frozen!
The iceblast engulfs the orc sorcerer.
You kill the orc sorcerer!
The sun demon disappears in a puff of smoke!
Things that are here:
a +0 dagger; a +2 robe of the Archmagi
z - a +2 robe of the Archmagi An orc wizard and an orc knight come into view.
The orc knight shouts!
You hear a shout!
The orc knight roars a battlecry!
The orc wizard goes into a battle-frenzy!
The orc wizard casts a spell at you.
You easily resist.
The orc knight unwields a +3 great mace.
The orc knight wields a +0 arbalest.
The orc knight shoots a bolt.
The bolt hits you!!
You die...

##............
..........o..
...#..#..o._
###.....$..#.. ##
##.##...$......
##.##..)##o........
##........#.[)......
....#.......).....#
.........@.)[....##
........)#).[...#.#
#...#..<..#........
##..................
#..................
#..#...............
#..................
.#......>..........
©#©...............


You could see an orc knight.

Vanquished Creatures
  A two-headed ogre (D:12)
  2 ugly things
  An orc sorcerer (Orc:1)
  A cyclops (D:10)
  A troll (Orc:1)
  Sigmund (D:2)
  A wraith (D:11)
  14 yaks
  2 wyverns (D:11)
  2 water moccasins
  An acid dragon (D:10)
  3 wargs
  3 nameless horrors
  3 orc warriors
  A swamp drake (D:7)
  An ice beast (D:10)
  10 ogres
  A phantom (D:6)
  A hornet zombie (D:8)
  5 centaurs
  A big kobold (D:7)
  12 bullfrogs
  5 killer bees
  3 scorpions
  8 wights
  3 centaur zombies
  7 hounds
  2 quasits
  2 jellies
  10 orc priests
  A centaur skeleton (D:5)
  Natasha (D:4)
  2 iguanas
  9 orc wizards
  3 worker ants
  A hound zombie (D:5)
  2 hound skeletons
  A worker ant zombie (D:7)
  12 adders
  A worm (D:2)
  2 dart slugs (D:3)
  5 leopard geckos
  36 orcs
  6 giant cockroaches
  4 goblins
  7 hobgoblins
  14 jackals
  6 quokkas
  A ball python (D:2)
  8 bats
  A frilled lizard (D:1)
  18 kobolds
  A leopard gecko skeleton (D:6)
  A quokka zombie (D:5)
  6 rats
257 creatures vanquished.

Vanquished Creatures (others)
  An orc (D:7)
  13 fungi (D:9)
  13 plants (D:9)
27 creatures vanquished.

Grand Total: 284 creatures vanquished

Notes
Turn   | Place    | Note
-------+----------+-------------------------------------------
     0 | Abyss:1  | iamserjio the Gnoll Abyssal Knight began the quest for the
                  | Orb.
     0 | Abyss:1  | Reached XP level 1. HP: 23/23 MP: 3/3
    36 | Abyss:2  | Found a burning altar of Makhleb.
    40 | Abyss:2  | Noticed a bone dragon
    41 | Abyss:2  | Noticed an apocalypse crab
    42 | D:1      | Escaped the Abyss
    59 | D:1      | Reached * piety under Lugonu
   113 | D:1      | Reached XP level 2. HP: 23/29 MP: 5/5
   347 | D:1      | Reached XP level 3. HP: 32/35 MP: 6/6
   453 | D:2      | Reached ** piety under Lugonu
   485 | D:2      | Found a bloodstained altar of Trog.
   497 | D:2      | Reached skill level 1 in Short Blades
   497 | D:2      | Reached skill level 1 in Long Blades
   497 | D:2      | Reached skill level 1 in Maces & Flails
   497 | D:2      | Reached skill level 1 in Polearms
   497 | D:2      | Reached skill level 1 in Staves
   497 | D:2      | Reached skill level 1 in Slings
   497 | D:2      | Reached skill level 1 in Bows
   497 | D:2      | Reached skill level 1 in Crossbows
   497 | D:2      | Reached skill level 1 in Throwing
   497 | D:2      | Reached skill level 1 in Stealth
   497 | D:2      | Reached skill level 1 in Shields
   497 | D:2      | Reached skill level 1 in Unarmed Combat
   497 | D:2      | Reached skill level 1 in Spellcasting
   497 | D:2      | Reached skill level 1 in Evocations
   507 | D:2      | Reached XP level 4. HP: 28/41 MP: 7/7
   549 | D:2      | Noticed Sigmund
   561 | D:2      | Killed Sigmund
   562 | D:2      | Reached skill level 1 in Conjurations
   562 | D:2      | Reached skill level 1 in Hexes
   562 | D:2      | Reached skill level 1 in Summonings
   562 | D:2      | Reached skill level 1 in Necromancy
   562 | D:2      | Reached skill level 1 in Translocations
   562 | D:2      | Reached skill level 1 in Transmutations
   562 | D:2      | Reached skill level 1 in Fire Magic
   562 | D:2      | Reached skill level 1 in Ice Magic
   562 | D:2      | Reached skill level 1 in Air Magic
   562 | D:2      | Reached skill level 1 in Earth Magic
   562 | D:2      | Reached skill level 1 in Poison Magic
   562 | D:2      | Reached skill level 5 in Invocations
   562 | D:2      | Reached XP level 5. HP: 36/47 MP: 8/8
   562 | D:2      | Reached XP level 6. HP: 41/53 MP: 9/9
   775 | D:4      | Found a glowing drain.
   866 | D:3      | Reached skill level 5 in Axes
   866 | D:3      | Reached skill level 5 in Armour
   965 | D:4      | Reached XP level 7. HP: 9/59 MP: 10/10
   999 | D:4      | Noticed Natasha
  1000 | D:4      | Reached skill level 7 in Fighting
  1105 | D:4      | Killed Natasha
  1115 | D:5      | Entered Level 5 of the Dungeon
  1201 | D:5      | Found a staircase to the Ecumenical Temple.
  1227 | D:5      | Reached *** piety under Lugonu
  1245 | D:6      | HP: 3/60 [water moccasin (3)]
  1245 | D:6      | HP: 1/60 [water moccasin (2)]
  1279 | D:5      | HP: 3/60 [poisoned by a water moccasin]
  1367 | D:5      | Reached XP level 8. HP: 17/67 MP: 12/12
  1430 | D:5      | Found a shimmering blue altar of Sif Muna.
  1632 | D:6      | Found Beghugad's Jewellery Shop.
  1640 | D:6      | Found Ynteigu's Antique Weapon Shoppe.
  1766 | D:9      | Noticed a yak
  1768 | D:9      | Noticed a yak
  1769 | D:9      | Noticed a yak
  1769 | D:9      | Noticed a yak
  1770 | D:9      | Noticed a yak
  1779 | D:8      | Killed a yak
  1779 | D:8      | Killed a yak
  1780 | D:8      | Killed a yak
  1812 | D:8      | Reached XP level 9. HP: 15/72 MP: 14/14
  1903 | D:8      | Found a sacrificial altar of Ru.
  1972 | D:8      | Reached skill level 5 in Dodging
  1979 | D:8      | Learned a level 6 spell: Statue Form
  2144 | D:7      | Reached **** piety under Lugonu
  2291 | D:7      | Reached skill level 8 in Fighting
  2394 | D:6      | Found Vepren's General Store.
  2397 | D:6      | Bought a scroll of identify for 24 gold pieces
  2536 | D:6      | Bought an uncursed amulet of regeneration for 420 gold
                  | pieces
  2545 | D:6      | Found Veopn's Distillery.
  2555 | D:6      | Bought a potion of lignification for 36 gold pieces
  2555 | D:6      | Bought a potion of degeneration for 12 gold pieces
  2704 | D:9      | Reached XP level 10. HP: 35/80 MP: 15/17
  2710 | D:9      | Learned a level 5 spell: Irradiate
  2713 | D:9      | Learned a level 2 spell: Ensorcelled Hibernation
  2773 | D:9      | Noticed a cyan ugly thing
  2781 | D:9      | Banished a cyan ugly thing
  2782 | D:9      | Reached skill level 5 in Short Blades
  2782 | D:9      | Reached skill level 5 in Long Blades
  2782 | D:9      | Reached skill level 5 in Maces & Flails
  2782 | D:9      | Reached skill level 5 in Polearms
  2782 | D:9      | Reached skill level 5 in Staves
  2782 | D:9      | Reached skill level 5 in Slings
  2782 | D:9      | Reached skill level 5 in Bows
  2782 | D:9      | Reached skill level 5 in Crossbows
  2782 | D:9      | Reached skill level 5 in Throwing
  2782 | D:9      | Reached skill level 5 in Stealth
  2782 | D:9      | Reached skill level 5 in Shields
  2782 | D:9      | Reached skill level 5 in Unarmed Combat
  2782 | D:9      | Reached skill level 5 in Spellcasting
  2782 | D:9      | Reached skill level 5 in Evocations
  2827 | D:9      | Found a staircase to the Lair.
  2912 | D:10     | Entered Level 10 of the Dungeon
  2932 | D:10     | Reached ***** piety under Lugonu
  2950 | D:10     | Noticed Psyche
  2952 | D:10     | Noticed Psyche
  2952 | D:10     | Psyche changed into Psyche the acid dragon
  2954 | D:10     | Killed Psyche the acid dragon
  3127 | D:11     | Noticed a cyclops
  3137 | D:10     | Killed a cyclops
  3245 | D:10     | Noticed a cyclops
  3248 | D:10     | Banished a cyclops
  3362 | D:10     | Learned a level 4 spell: Summon Ice Beast
  3392 | D:11     | Got a fine leather armour
  3402 | D:11     | Reached XP level 11. HP: 62/87 MP: 19/19
  3407 | D:11     | Learned a level 3 spell: Frozen Ramparts
  3413 | D:11     | Noticed a purple ugly thing
  3420 | D:11     | Killed a purple ugly thing
  3421 | D:11     | Reached skill level 9 in Fighting
  3442 | D:11     | Reached skill level 5 in Conjurations
  3442 | D:11     | Reached skill level 5 in Hexes
  3442 | D:11     | Reached skill level 5 in Summonings
  3442 | D:11     | Reached skill level 5 in Necromancy
  3442 | D:11     | Reached skill level 5 in Translocations
  3442 | D:11     | Reached skill level 5 in Transmutations
  3442 | D:11     | Reached skill level 5 in Fire Magic
  3442 | D:11     | Reached skill level 5 in Ice Magic
  3442 | D:11     | Reached skill level 5 in Air Magic
  3442 | D:11     | Reached skill level 5 in Earth Magic
  3442 | D:11     | Reached skill level 5 in Poison Magic
  3562 | D:12     | Noticed a purple ugly thing
  3577 | D:12     | Killed a purple ugly thing
  3589 | D:12     | Noticed a two-headed ogre
  3594 | D:12     | Killed a two-headed ogre
  3658 | D:11     | Found a staircase to the Orcish Mines.
  3772 | Orc:1    | Entered Level 1 of the Orcish Mines
  3781 | Orc:1    | Found a radiant altar of Vehumet.
  3861 | D:12     | Identified the +3 leather armour of Utegu {*Drain rF- rN+
                  | Str+4} (You found it on level 11 of the Dungeon)
  3940 | Orc:1    | Noticed a nameless horror
  3950 | Orc:1    | Killed a nameless horror
  3951 | Orc:1    | Noticed an orc sorcerer
  3958 | Orc:1    | Paralysed by an orc sorcerer for 7 turns
  3964 | Orc:1    | Noticed a sun demon
  3966 | Orc:1    | Killed an orc sorcerer
  3970 | Orc:1    | Noticed an orc knight
  3971 | Orc:1    | Shot with a bolt by an orc knight

Illustrated notes

Levels and vault maps discovered:
D:1:      minmay_arrival_plants_in_alcoves, layout_loops_corners,
          minmay_tetromino_t4
D:2:      layout_loops_ring, nicolae_overflow_crystal_walls,
          grunt_temple_overflow_open, nicolae_dithmenos_through_a_glass_darkly,
          chequers_ecumenical_altar_simple, uniq_sigmund
D:3:      layout_basic, serial_bayou_pond_e
D:4:      layout_cave_pools, portal_sewer_entry_d, uniq_natasha
D:5:      layout_basic, led_sif_book, minmay_temple_entry_statues_fountains,
          grunt_ministairs_7, nicolae_qazlal_eye_of_the_storm, uniq_grinder
D:6:      layout_rooms, serial_shops, shop, shop, nicolae_shop_window_shopping,
          nicolae_shop_statue_plus
D:7:      layout_basic, wad_floor_pattern_untrapped
D:8:      layout_loops_cross, nicolae_ru_path_of_blood, serial_shops, shop_coins
D:9:      layout_loops_ring, lemuel_round_altar, grunt_lair_entry_orc_guard_hut
D:10:     layout_irregular_city, uniq_gastronok, uniq_psyche
D:11:     layout_rooms, david_orc_3
D:12:     layout_loops_cross, gammafunk_ghost_mausoleum,
          ebering_dispersal_statue_hall
Orc:1:    gammafunk_beogh_shrine, layout_caves, basic_altar, serial_shops, shop,
          hangedman_feature_mirror

Skill      XL: |  1  2  3  4  5  6  7  8  9 10 11 |
---------------+----------------------------------+-----
Short Blades   | 1 2 3 4 5 6 |  6.6
Long Blades    | 1 2 3 4 5 6 |  6.6
Maces & Flails | 1 2 3 4 5 6 |  6.6
Polearms       | 1 2 3 4 5 6 |  6.6
Staves         | 1 2 3 4 5 6 |  6.6
Slings         | 1 2 3 4 5 6 |  6.6
Bows           | 1 2 3 4 5 6 |  6.6
Crossbows      | 1 2 3 4 5 6 |  6.6
Throwing       | 1 2 3 4 5 6 |  6.6
Stealth        | 1 2 3 4 5 6 |  6.6
Shields        | 1 2 3 4 5 6 |  6.6
Unarmed Combat | 1 2 3 4 5 6 |  6.6
Spellcasting   | 1 2 3 4 5 6 |  6.6
Evocations     | 1 2 3 4 5 6 |  6.6
Dodging        | 3 4 5 6 7 |  7.1
Conjurations   | 1 2 3 4 5 |  5.5
Hexes          | 1 2 3 4 5 |  5.5
Summonings     | 1 2 3 4 5 |  5.5
Necromancy     | 1 2 3 4 5 |  5.5
Translocations | 1 2 3 4 5 |  5.5
Transmutations | 1 2 3 4 5 |  5.5
Fire Magic     | 1 2 3 4 5 |  5.5
Ice Magic      | 1 2 3 4 5 |  5.5
Air Magic      | 1 2 3 4 5 |  5.5
Earth Magic    | 1 2 3 4 5 |  5.5
Poison Magic   | 1 2 3 4 5 |  5.5
Invocations    | 5 6 7 8 |  8.7
Axes           | 5 6 7 8 |  8.1
Armour         | 5 6 7 8 |  8.1
Fighting       | 7 8 9 |  9.4

Action                   |  1- 3 |  4- 6 |  7- 9 | 10-12 || total
-------------------------+-------+-------+-------+-------++-------
Melee: Lajatang          |   112 |       |       |       ||   112
       Bite              |    10 |     7 |    16 |    18 ||    51
       Dagger            |    21 |    98 |       |       ||   119
       Broad axe         |       |     8 |   245 |   236 ||   489
       Punch             |       |       |     3 |    10 ||    13
Throw: Boomerang         |       |       |    11 |     1 ||    12
 Cast: Summon Ice Beast  |       |       |       |     3 ||     3
       Frozen Ramparts   |       |       |       |     1 ||     1
Invok: Depart the Abyss  |     1 |       |       |       ||     1
       Banish            |       |       |       |     3 ||     3
Evoke: Wand              |       |       |    17 |    31 ||    48
       Lightning rod     |       |       |     8 |     5 ||    13
  Use: Potion            |       |     1 |     4 |     3 ||     8
       Scroll            |       |     1 |     7 |    13 ||    21
 Stab: Sleeping          |       |       |       |     3 ||     3
Armor: Chain mail        |   138 |    87 |   221 |       ||   446
       Leather armour    |     1 |       |       |    46 ||    47
       Ring mail         |       |       |    48 |    71 ||   119
Dodge: Dodged            |    59 |    42 |   166 |   191 ||   458

Table legend: (Time is in decaauts)
 A = Elapsed time spent in this place.
 B = Non-inter-level travel time spent in this place.
 C = Inter-level travel time spent in this place.
 D = Time resting spent in this place.
 E = Time spent auto-exploring this place.
 F = Levels seen in this place.
 G = Mean time per level.
                   A        B        C        D        E       F      G
               +--------+--------+--------+--------+--------+-----+--------+
         Total |   4209 |   3944 |    265 |      0 |      0 |  15 |  280.6 |
       Dungeon |   4072 |   3807 |    265 |      0 |      0 |  12 |  339.3 |
  Orcish Mines |     95 |     95 |      0 |      0 |      0 |   1 |   95.0 |
         Abyss |     41 |     41 |      0 |      0 |      0 |   2 |   20.5 |
               +--------+--------+--------+--------+--------+-----+--------+

Top non-repeatable levels by time:
     D:5: 519 daAuts
     D:8: 442 daAuts
    D:10: 442 daAuts
    D:11: 423 daAuts
     D:7: 417 daAuts
     D:1: 392 daAuts
     D:6: 288 daAuts
     D:4: 261 daAuts
     D:9: 254 daAuts
     D:2: 247 daAuts
     D:3: 223 daAuts
    D:12: 161 daAuts
   Orc:1: 95 daAuts
 Abyss:2: 39 daAuts
 Abyss:1: 2 daAuts
